Hartford Whalers vs Edmonton Oilers
Created - Tuesday, October 3, 2023 at 06:52
Goals
|
| Hartford Whalers |
1 |
1 |
1 |
0 |
3 |
| Edmonton Oilers |
1 |
1 |
1 |
1 |
4 |
|
Shots
|
| Hartford Whalers |
17 |
14 |
10 |
0 |
41 |
| Edmonton Oilers |
14 |
8 |
13 |
1 |
36 |
|
1st period
1. Edmonton Oilers , Brock Boeser 6 (Jacob Trouba 6, Damon Severson 8) at 13:55
2. Hartford Whalers , Alexander Wennberg 14 (Taylor Hall 20, Jaccob Slavin 11) at 19:20 (PP)
Penalties :
John Hayden (HFD) for Holding (Minor) at 4:39, Evan Bouchard (EDM) for Holding (Minor) at 19:09
2nd period
3. Hartford Whalers , Joshua Norris 4 (Jaccob Slavin 12) at 2:56
4. Edmonton Oilers , Evan Bouchard 3 (Jamie Benn 15, Boone Jenner 15) at 17:59 (PP)
Penalties :
Marcus Foligno (HFD) for Hooking (Minor) at 6:39, John Hayden (HFD) for High sticking (Minor) at 17:45
3rd period
5. Edmonton Oilers , Brock Boeser 7 (Mikael Backlund 18, Jake DeBrusk 11) at 12:30 (PP)
6. Hartford Whalers , Alexander Wennberg 15 (Taylor Hall 21) at 13:26 (PP)
Penalties :
Torey Krug (HFD) for Tripping (Minor) at 10:53, Brett Pesce (EDM) for Holding (Minor) at 13:06, Thomas Chabot (HFD) for Tripping (Minor) at 16:44
Overtime #1
7. Edmonton Oilers , Jamie Benn 6 (Jake DeBrusk 12) at 0:32
Penalties :
No Penalty
Goalie Stats
Anton Forsberg (HFD), 32 saves from 36 shots - (0.889), OTL, 7-10-7, 60:32 minutes
Matt Murray (EDM), 38 saves from 41 shots - (0.927), W, 2-5-2, 60:32 minutes
Players Stats for Hartford Whalers
Player Name G A P +/- PIM S H SB GA TA FO MP PP MP PK MP
------------------------------------------------------------------------------------
Alec Martinez 0 0 0 -1 0 2 0 3 0 1 0/0 22:23 0:14 3:28
Alexander Wennberg 2 0 2 -1 0 6 1 1 0 0 14/25 19:34 0:17 4:09
Alexis Lafreniere 0 0 0 0 0 7 1 1 1 0 1/3 16:16 0:14 0:07
Anthony Mantha 0 0 0 1 0 3 0 0 2 0 0/0 13:36 0:00 0:22
Casey Cizikas 0 0 0 -1 0 1 1 1 0 0 5/11 19:17 0:14 3:30
Connor Clifton 0 0 0 0 0 1 1 2 0 0 0/0 15:50 0:00 0:55
Haydn Fleury 0 0 0 0 0 1 1 0 0 0 0/0 8:52 0:00 0:33
Jaccob Slavin 0 2 2 0 0 1 1 2 0 0 0/0 23:14 0:17 4:20
John Hayden 0 0 0 1 4 0 1 0 1 1 0/2 12:54 0:00 0:00
Josh Anderson 0 0 0 -2 0 2 4 1 1 1 2/8 18:32 0:17 3:23
Joshua Norris 1 0 1 1 0 4 0 0 1 0 8/11 13:16 0:00 0:00
Lukas Reichel 0 0 0 0 0 1 0 1 2 0 0/2 7:59 0:00 0:00
Marcus Foligno 0 0 0 0 2 1 0 0 0 0 0/1 15:38 0:14 0:00
Mark Kastelic 0 0 0 0 0 1 1 0 0 0 0/0 8:21 0:00 0:00
Taylor Hall 0 2 2 -1 0 5 1 0 2 0 0/1 19:21 0:17 4:05
Thomas Chabot 0 0 0 0 2 3 0 2 1 0 0/0 21:55 0:17 2:52
Torey Krug 0 0 0 0 2 2 1 1 0 0 0/0 14:54 0:00 0:00
Trevor van Riemsdyk 0 0 0 -1 0 0 0 0 0 2 0/0 22:23 0:14 3:28
Players Stats for Edmonton Oilers
Player Name G A P +/- PIM S H SB GA TA FO MP PP MP PK MP
------------------------------------------------------------------------------------
Adrian Kempe 0 0 0 0 0 3 1 1 0 0 1/1 19:10 3:16 0:00
Boone Jenner 0 1 1 0 0 5 1 0 1 0 3/6 18:50 3:16 0:00
Brandon Carlo 0 0 0 0 0 0 1 0 0 0 0/0 21:01 0:00 0:31
Brett Pesce 0 0 0 1 2 0 3 1 0 1 0/0 14:23 0:08 0:00
Brock Boeser 2 0 2 1 0 5 2 2 0 1 0/1 17:24 4:54 0:00
Damon Severson 0 1 1 0 0 0 0 1 0 3 0/0 19:43 2:46 0:00
David Farrance 0 0 0 0 0 0 2 0 0 0 0/0 13:39 0:00 0:00
David Perron 0 0 0 0 0 2 1 1 0 0 1/3 19:05 2:54 0:00
Dawson Mercer 0 0 0 -1 0 2 0 0 2 0 1/1 12:58 4:32 0:00
Derek Grant 0 0 0 -1 0 1 2 0 0 0 0/1 8:19 0:00 0:11
Evan Bouchard 1 0 1 0 2 2 4 1 0 2 0/0 21:30 4:54 0:00
Jacob Trouba 0 1 1 1 0 2 4 1 1 1 0/0 21:46 0:00 0:31
Jake DeBrusk 0 2 2 1 0 5 1 0 0 0 0/0 19:45 4:32 0:00
Jakob Silfverberg 0 0 0 1 0 4 0 0 0 1 1/3 13:13 0:00 0:20
Jakub Voracek 0 0 0 -1 0 0 0 0 0 0 1/1 9:03 0:00 0:00
Jamie Benn 1 1 2 1 0 2 4 1 0 1 6/13 19:02 3:16 0:00
Jeff Carter 0 0 0 1 0 1 1 0 0 1 8/12 13:09 0:00 0:20
Mikael Backlund 0 1 1 0 0 2 3 0 1 0 12/22 19:35 4:32 0:11
3 Stars
1 - Brock Boeser (EDM)
2 - Jamie Benn (EDM)
3 - Alexander Wennberg (HFD)
Power Play
Hartford Whalers - 2 on 2 Attempt(s) - 100.00%
Edmonton Oilers - 2 on 5 Attempt(s) - 40.00%
Penalty Kill
Hartford Whalers - 3 on 5 Attempt(s) - 60.00%
- Score 0 goal in Penalty Kill
Edmonton Oilers - 0 on 2 Attempt(s) - 0.00%
- Score 0 goal in Penalty Kill
Team Stat
Hartford Whalers - Hits : 14 - Faceoff Wins : 30 - Blocked Shots : 15 - Penalty Minutes : 10
Edmonton Oilers - Hits : 30 - Faceoff Wins : 34 - Blocked Shots : 9 - Penalty Minutes : 4
Official
Referees : Kyle Rehman and Francois StLaurent
Linesman : Andy McElman and Steve Miller
Game Notes
No Game Note
Finance
Level 1 -- Attendance: 6000 (100.00%) -- Ticket Income $540,000
Level 2 -- Attendance: 4620 (92.40%) -- Ticket Income $231,000
Level 3 -- Attendance: 2710 (90.33%) -- Ticket Income $81,300
Level 4 -- Attendance: 4502 (90.04%) -- Ticket Income $90,040
Luxury Box -- Attendance: 947 (94.70%) -- Ticket Income $179,930
Game was played at the Rexall Place.
Total Attendance: 18779 (93.90%)
Total Ticket Income: $1,122,270
Other Income: $392,794
Total Income: $1,515,064
Hartford Whalers
5 vs 5 Forward
Center Left Wing Right Wing Time % Phy DF OF
1 Alexander Wennberg Taylor Hall Josh Anderson 30 1 2 2
2 Casey Cizikas Marcus Foligno Alexis Lafreniere 30 1 2 2
3 Joshua Norris Anthony Mantha John Hayden 25 1 2 2
4 Lukas Reichel Mark Kastelic Haydn Fleury 15 1 2 2
5 vs 5 Defense
Defense Defense Time % Phy DF OF
1 Jaccob Slavin Thomas Chabot 35 1 2 2
2 Trevor van Riemsdyk Alec Martinez 35 1 2 2
3 Torey Krug Connor Clifton 30 1 2 2
4 Jaccob Slavin Thomas Chabot 0 1 2 2
PowerPlay Forward
Center Left Wing Right Wing Time % Phy DF OF
1 Alexander Wennberg Taylor Hall Josh Anderson 50 1 2 2
2 Casey Cizikas Marcus Foligno Alexis Lafreniere 50 1 2 2
PowerPlay Defense
Defense Defense Time % Phy DF OF
1 Jaccob Slavin Thomas Chabot 50 1 2 2
2 Trevor van Riemsdyk Alec Martinez 50 1 2 2
Penalty Kill 4 Players Forward
Center Wing Time % Phy DF OF
1 Alexander Wennberg Taylor Hall 50 1 2 2
2 Josh Anderson Casey Cizikas 50 1 2 2
Penalty Kill 4 Players Defense
Defense Defense Time % Phy DF OF
1 Jaccob Slavin Thomas Chabot 50 1 2 2
2 Trevor van Riemsdyk Alec Martinez 50 1 2 2
Penalty Kill - 3 Players Forward
Forward Time % Phy DF OF
1 Alexander Wennberg 50 1 2 2
2 Taylor Hall 50 1 2 2
Penalty Kill - 3 Players Defense
Defense Defense Time % Phy DF OF
1 Jaccob Slavin Thomas Chabot 50 1 2 2
2 Trevor van Riemsdyk Alec Martinez 50 1 2 2
4 vs 4 Forward
Center Wing Time % Phy DF OF
1 Alexander Wennberg Taylor Hall 50 1 2 2
2 Josh Anderson Casey Cizikas 50 1 2 2
4 vs 4 Defense
Defense Defense Time % Phy DF OF
1 Jaccob Slavin Thomas Chabot 50 1 2 2
2 Trevor van Riemsdyk Alec Martinez 50 1 2 2
Last Minutes Offensive
Center Left Wing Right Wing Defense Defense
Alexander Wennberg Taylor Hall Josh Anderson Jaccob Slavin Thomas Chabot
Last Minutes Defensive
Center Left Wing Right Wing Defense Defense
Alexander Wennberg Taylor Hall Josh Anderson Jaccob Slavin Thomas Chabot
Goaltenders
Starting : Anton Forsberg
Backup : Logan Thompson
Extra Forwards
Normal : Mark Kastelic, Joshua Norris, Anthony Mantha - PP : Mark Kastelic, Joshua Norris - PK : Anthony Mantha
Extra Defensemen
Normal : Torey Krug, Connor Clifton, Haydn Fleury - PP : Torey Krug - PK : Connor Clifton, Haydn Fleury
Penalty Shots
Alexander Wennberg, Taylor Hall, Josh Anderson, Casey Cizikas, Marcus Foligno
Edmonton Oilers
5 vs 5 Forward
Center Left Wing Right Wing Time % Phy DF OF
1 Jamie Benn Adrian Kempe David Perron 31 1 2 2
2 Mikael Backlund Boone Jenner Jake DeBrusk 31 1 2 2
3 Jeff Carter Jakob Silfverberg Brock Boeser 25 1 2 2
4 Derek Grant Jakub Voracek Dawson Mercer 13 1 2 2
5 vs 5 Defense
Defense Defense Time % Phy DF OF
1 Jacob Trouba Damon Severson 32 1 2 2
2 Brandon Carlo Evan Bouchard 32 1 2 2
3 David Farrance Brett Pesce 26 1 3 1
4 Brandon Carlo Jacob Trouba 10 1 4 0
PowerPlay Forward
Center Left Wing Right Wing Time % Phy DF OF
1 Boone Jenner Jamie Benn Adrian Kempe 50 0 0 5
2 Mikael Backlund Jake DeBrusk Dawson Mercer 50 0 0 5
PowerPlay Defense
Defense Defense Time % Phy DF OF
1 Evan Bouchard Brock Boeser 50 0 1 4
2 Damon Severson David Perron 50 0 1 4
Penalty Kill 4 Players Forward
Center Wing Time % Phy DF OF
1 Mikael Backlund Derek Grant 50 1 4 0
2 Jeff Carter Jakob Silfverberg 50 1 4 0
Penalty Kill 4 Players Defense
Defense Defense Time % Phy DF OF
1 Brandon Carlo Jacob Trouba 55 1 4 0
2 Brett Pesce Evan Bouchard 45 1 4 0
Penalty Kill - 3 Players Forward
Forward Time % Phy DF OF
1 Mikael Backlund 50 1 4 0
2 Derek Grant 50 1 4 0
Penalty Kill - 3 Players Defense
Defense Defense Time % Phy DF OF
1 Jacob Trouba Brandon Carlo 55 1 4 0
2 Brett Pesce Evan Bouchard 45 1 4 0
4 vs 4 Forward
Center Wing Time % Phy DF OF
1 Boone Jenner Adrian Kempe 50 0 2 3
2 Jamie Benn Jake DeBrusk 50 0 2 3
4 vs 4 Defense
Defense Defense Time % Phy DF OF
1 Brandon Carlo Evan Bouchard 50 0 3 2
2 Brett Pesce Jacob Trouba 50 1 3 1
Last Minutes Offensive
Center Left Wing Right Wing Defense Defense
Boone Jenner Jamie Benn Adrian Kempe Evan Bouchard Damon Severson
Last Minutes Defensive
Center Left Wing Right Wing Defense Defense
Mikael Backlund Derek Grant Jakob Silfverberg Brandon Carlo Jacob Trouba
Goaltenders
Starting : Matt Murray
Backup : Juuse Saros
Extra Forwards
Normal : Boone Jenner, Adrian Kempe, Jake DeBrusk - PP : Jakub Voracek, Adrian Kempe - PK : Dawson Mercer
Extra Defensemen
Normal : Brandon Carlo, Jacob Trouba, Brett Pesce - PP : Brett Pesce - PK : Brett Pesce, Evan Bouchard
Penalty Shots
Boone Jenner, Jakob Silfverberg, Adrian Kempe, Jakub Voracek, David Perron
% Time on Ice - Hartford Whalers
Lines # - Real PCT - Wanted PCT - Time Play
Normal Forward
1 - 30% - 30% - 15:33
2 - 29% - 30% - 15:13
3 - 25% - 25% - 12:56
4 - 15% - 15% - 7:59
Normal Defense
1 - 35% - 35% - 18:05
2 - 36% - 35% - 18:41
3 - 29% - 30% - 14:55
4 - 0% - 0% - 0:00
PP Forward
1 - 55% - 50% - 0:17
2 - 45% - 50% - 0:14
PP Defense
1 - 55% - 50% - 0:17
2 - 45% - 50% - 0:14
PK Forward
1 - 54% - 50% - 4:12
2 - 46% - 50% - 3:36
PK Defense
1 - 56% - 50% - 4:20
2 - 44% - 50% - 3:28
PK3 Forward
1 - 0% - 50%
2 - 0% - 50%
PK3 Defense
1 - 0% - 50%
2 - 0% - 50%
44 Forward
1 - 66% - 50% - 0:21
2 - 34% - 50% - 0:11
44 Defense
1 - 100% - 50% - 0:32
2 - 0% - 50% - 0:00
Last Minute Offensive - 0:00
Last Minute Defensive - 0:00
Total
Forward - 60:32
Defense - 60:32
|
% Time on Ice - Edmonton Oilers
Lines # - Real PCT - Wanted PCT - Time Play
Normal Forward
1 - 31% - 31% - 16:13
2 - 29% - 31% - 15:11
3 - 24% - 25% - 12:09
4 - 16% - 13% - 8:08
Normal Defense
1 - 33% - 32% - 17:14
2 - 32% - 32% - 16:25
3 - 26% - 26% - 13:39
4 - 8% - 10% - 4:23
PP Forward
1 - 42% - 50% - 3:16
2 - 58% - 50% - 4:32
PP Defense
1 - 63% - 50% - 4:54
2 - 37% - 50% - 2:54
PK Forward
1 - 35% - 50% - 0:11
2 - 65% - 50% - 0:20
PK Defense
1 - 100% - 55% - 0:31
2 - 0% - 45% - 0:00
PK3 Forward
1 - 0% - 50%
2 - 0% - 50%
PK3 Defense
1 - 0% - 55%
2 - 0% - 45%
44 Forward
1 - 63% - 50% - 0:20
2 - 38% - 50% - 0:12
44 Defense
1 - 75% - 50% - 0:24
2 - 25% - 50% - 0:08
Last Minute Offensive - 0:00
Last Minute Defensive - 0:00
Total
Forward - 60:32
Defense - 60:32
|
Play-by-Play
1st period
0:01 of 1st period - Alexander Wennberg wins face-off versus Jamie Benn in neutral zone.
0:04 of 1st period - Jamie Benn is hit by Josh Anderson and loses puck.
0:11 of 1st period - Snap shot by Taylor Hall.
0:11 of 1st period - Shot Blocked by Jacob Trouba.
0:32 of 1st period - Snap shot by Casey Cizikas.
0:32 of 1st period - Shot Misses the Net.
1:17 of 1st period - Off-side.
1:18 of 1st period - Jamie Benn wins face-off versus Casey Cizikas in neutral zone.
1:52 of 1st period - Slapshot by Mikael Backlund.
1:52 of 1st period - Stopped by Anton Forsberg without a rebound.
1:53 of 1st period - Joshua Norris wins face-off versus Jeff Carter in Hartford Whalers zone.
1:58 of 1st period - Wrist shot by Anthony Mantha.
1:58 of 1st period - Stopped by Matt Murray without a rebound.
1:59 of 1st period - Jeff Carter wins face-off versus John Hayden in Edmonton Oilers zone.
2:13 of 1st period - Snap shot by Anthony Mantha.
2:13 of 1st period - Shot Blocked by Brock Boeser.
2:15 of 1st period - Slapshot by Jaccob Slavin.
2:15 of 1st period - Stopped by Matt Murray with a rebound.
2:27 of 1st period - Slapshot by Boone Jenner.
2:27 of 1st period - Stopped by Anton Forsberg with a rebound.
2:33 of 1st period - Jacob Trouba is hit by Josh Anderson and loses puck.
2:46 of 1st period - Snap shot by Boone Jenner.
2:46 of 1st period - Shot Blocked by Connor Clifton.
2:50 of 1st period - Snap shot by Adrian Kempe.
2:50 of 1st period - Shot Misses the Net.
2:52 of 1st period - Slapshot by Brandon Carlo.
2:52 of 1st period - Shot Misses the Net.
3:16 of 1st period - Snap shot by Derek Grant.
3:16 of 1st period - Stopped by Anton Forsberg with a rebound.
3:32 of 1st period - Wrist shot by Joshua Norris.
3:32 of 1st period - Shot Misses the Net.
3:34 of 1st period - Slapshot by Alec Martinez.
3:34 of 1st period - Stopped by Matt Murray without a rebound.
3:35 of 1st period - Jeff Carter wins face-off versus Josh Anderson in Edmonton Oilers zone.
3:37 of 1st period - Icing by Brock Boeser.
3:38 of 1st period - Jeff Carter wins face-off versus Alexander Wennberg in Edmonton Oilers zone.
3:49 of 1st period - Slapshot by Jakob Silfverberg.
3:49 of 1st period - Stopped by Anton Forsberg with a rebound.
4:32 of 1st period - Snap shot by Joshua Norris.
4:32 of 1st period - Deflect By Anthony Mantha.
4:32 of 1st period - Shot Misses the Net.
4:32 of 1st period - Puck is out of play.
4:33 of 1st period - Jamie Benn wins face-off versus Joshua Norris in Edmonton Oilers zone.
4:39 of 1st period - Minor Penalty to John Hayden for Holding.
4:40 of 1st period - Boone Jenner wins face-off versus Alexander Wennberg in Hartford Whalers zone.
4:45 of 1st period - Snap shot by Boone Jenner.
4:45 of 1st period - Stopped by Anton Forsberg with a rebound.
4:47 of 1st period - Wrist shot by Boone Jenner.
4:47 of 1st period - Deflect By Alexander Wennberg.
4:47 of 1st period - Shot Misses the Net.
4:47 of 1st period - Puck is out of play.
4:48 of 1st period - Alexander Wennberg wins face-off versus Boone Jenner in Hartford Whalers zone.
4:52 of 1st period - Off-side.
4:53 of 1st period - Mikael Backlund wins face-off versus Josh Anderson in neutral zone.
5:48 of 1st period - Alexander Wennberg is hit by Evan Bouchard and loses puck.
6:31 of 1st period - Josh Anderson is hit by Mikael Backlund and loses puck.
6:39 of 1st period - Penalty to John Hayden is over, John Hayden is back on ice.
6:51 of 1st period - Icing by Thomas Chabot.
6:52 of 1st period - Jeff Carter wins face-off versus Lukas Reichel in Hartford Whalers zone.
7:18 of 1st period - Joshua Norris is hit by David Farrance and loses puck.
7:39 of 1st period - Snap shot by Taylor Hall.
7:39 of 1st period - Stopped by Matt Murray with a rebound.
7:51 of 1st period - Slapshot by Taylor Hall.
7:51 of 1st period - Stopped by Matt Murray with a rebound.
7:53 of 1st period - Wrist shot by Alexis Lafreniere.
7:53 of 1st period - Stopped by Matt Murray with a rebound.
8:21 of 1st period - Haydn Fleury is hit by Jacob Trouba and loses puck.
8:28 of 1st period - Jacob Trouba is hit by Connor Clifton and loses puck.
8:33 of 1st period - Snap shot by Lukas Reichel.
8:33 of 1st period - Shot Misses the Net.
8:35 of 1st period - Snap shot by Haydn Fleury.
8:35 of 1st period - Stopped by Matt Murray without a rebound.
8:36 of 1st period - Alexander Wennberg wins face-off versus Mikael Backlund in Edmonton Oilers zone.
8:39 of 1st period - Slapshot by Alexander Wennberg.
8:39 of 1st period - Stopped by Matt Murray with a rebound.
8:51 of 1st period - Wrist shot by Jake DeBrusk.
8:51 of 1st period - Shot Misses the Net.
8:53 of 1st period - Wrist shot by Boone Jenner.
8:53 of 1st period - Deflect By Jake DeBrusk.
8:53 of 1st period - Stopped by Anton Forsberg without a rebound.
8:54 of 1st period - Adrian Kempe wins face-off versus Alexis Lafreniere in Hartford Whalers zone.
9:01 of 1st period - Marcus Foligno is hit by Adrian Kempe and loses puck.
9:49 of 1st period - Jakob Silfverberg is hit by John Hayden and loses puck.
10:08 of 1st period - Snap shot by Jakub Voracek.
10:08 of 1st period - Shot Blocked by Jaccob Slavin.
10:27 of 1st period - Haydn Fleury is hit by Jake DeBrusk and loses puck.
10:48 of 1st period - Slapshot by David Perron.
10:48 of 1st period - Shot Misses the Net.
10:50 of 1st period - Snap shot by David Perron.
10:50 of 1st period - Shot Blocked by Jaccob Slavin.
10:52 of 1st period - Wrist shot by Jamie Benn.
10:52 of 1st period - Shot Blocked by Lukas Reichel.
11:28 of 1st period - Snap shot by Thomas Chabot.
11:28 of 1st period - Shot Blocked by Jamie Benn.
11:30 of 1st period - Slapshot by Thomas Chabot.
11:30 of 1st period - Deflect By Lukas Reichel.
11:30 of 1st period - Stopped by Matt Murray without a rebound.
11:31 of 1st period - Mikael Backlund wins face-off versus Alexander Wennberg in Edmonton Oilers zone.
11:45 of 1st period - Off-side.
11:46 of 1st period - Casey Cizikas wins face-off versus Jeff Carter in neutral zone.
11:59 of 1st period - Alexis Lafreniere is hit by Brandon Carlo and loses puck.
12:22 of 1st period - Snap shot by Boone Jenner.
12:22 of 1st period - Stopped by Anton Forsberg without a rebound.
12:23 of 1st period - Casey Cizikas wins face-off versus Jamie Benn in Hartford Whalers zone.
12:52 of 1st period - Snap shot by Taylor Hall.
12:52 of 1st period - Shot Misses the Net.
12:54 of 1st period - Slapshot by Connor Clifton.
12:54 of 1st period - Stopped by Matt Murray without a rebound.
12:55 of 1st period - Joshua Norris wins face-off versus Mikael Backlund in Edmonton Oilers zone.
13:03 of 1st period - Icing by Brandon Carlo.
13:04 of 1st period - Joshua Norris wins face-off versus Mikael Backlund in Edmonton Oilers zone.
13:13 of 1st period - Snap shot by Jake DeBrusk.
13:13 of 1st period - Stopped by Anton Forsberg with a rebound.
13:15 of 1st period - Slapshot by Mikael Backlund.
13:15 of 1st period - Stopped by Anton Forsberg without a rebound.
13:16 of 1st period - Casey Cizikas wins face-off versus Jamie Benn in Hartford Whalers zone.
13:21 of 1st period - Snap shot by Alexis Lafreniere.
13:21 of 1st period - Stopped by Matt Murray without a rebound.
13:22 of 1st period - Jamie Benn wins face-off versus Casey Cizikas in Edmonton Oilers zone.
13:27 of 1st period - Wrist shot by Adrian Kempe.
13:27 of 1st period - Stopped by Anton Forsberg with a rebound.
13:51 of 1st period - Snap shot by Brock Boeser.
13:51 of 1st period - Stopped by Anton Forsberg with a rebound.
13:55 of 1st period - Snap shot by Brock Boeser.
13:55 of 1st period - Goal by Brock Boeser - Hartford Whalers : 0 - Edmonton Oilers : 1.
13:56 of 1st period - Mikael Backlund wins face-off versus Josh Anderson in neutral zone.
14:05 of 1st period - Snap shot by Boone Jenner.
14:05 of 1st period - Shot Misses the Net.
14:07 of 1st period - Slapshot by Brandon Carlo.
14:07 of 1st period - Deflect By Jake DeBrusk.
14:07 of 1st period - Stopped by Anton Forsberg with a rebound.
14:09 of 1st period - Slapshot by Evan Bouchard.
14:09 of 1st period - Shot Blocked by Josh Anderson.
14:27 of 1st period - Snap shot by Casey Cizikas.
14:27 of 1st period - Shot Blocked by Brock Boeser.
14:29 of 1st period - Snap shot by Alexis Lafreniere.
14:29 of 1st period - Stopped by Matt Murray without a rebound.
14:30 of 1st period - Joshua Norris wins face-off versus Jamie Benn in Edmonton Oilers zone.
15:38 of 1st period - Wrist shot by Joshua Norris.
15:38 of 1st period - Shot Misses the Net.
15:58 of 1st period - Alec Martinez is hit by Derek Grant.
16:26 of 1st period - Alec Martinez is hit by Evan Bouchard and loses puck.
16:51 of 1st period - Slapshot by Joshua Norris.
16:51 of 1st period - Stopped by Matt Murray with a rebound.
16:53 of 1st period - Slapshot by Torey Krug.
16:53 of 1st period - Shot Blocked by David Perron.
16:55 of 1st period - Backhand shot by Anthony Mantha.
16:55 of 1st period - Shot Blocked by Adrian Kempe.
17:11 of 1st period - Wrist shot by Alexis Lafreniere.
17:11 of 1st period - Stopped by Matt Murray without a rebound.
17:12 of 1st period - Jakub Voracek wins face-off versus Alexis Lafreniere in Edmonton Oilers zone.
17:44 of 1st period - Off-side.
17:45 of 1st period - Mikael Backlund wins face-off versus Alexander Wennberg in neutral zone.
18:14 of 1st period - Slapshot by Joshua Norris.
18:14 of 1st period - Stopped by Matt Murray without a rebound.
18:15 of 1st period - Joshua Norris wins face-off versus Brock Boeser in Edmonton Oilers zone.
18:22 of 1st period - Wrist shot by Brock Boeser.
18:22 of 1st period - Shot Blocked by Connor Clifton.
18:30 of 1st period - Wrist shot by Jakob Silfverberg.
18:30 of 1st period - Shot Misses the Net.
18:40 of 1st period - Connor Clifton is hit by Jamie Benn and loses puck.
18:47 of 1st period - Wrist shot by David Perron.
18:47 of 1st period - Stopped by Anton Forsberg without a rebound.
18:48 of 1st period - Mikael Backlund wins face-off versus Casey Cizikas in Hartford Whalers zone.
18:55 of 1st period - Wrist shot by Mikael Backlund.
18:55 of 1st period - Shot Blocked by Casey Cizikas.
19:09 of 1st period - Minor Penalty to Evan Bouchard for Holding.
19:10 of 1st period - Mikael Backlund wins face-off versus Alexander Wennberg in Edmonton Oilers zone.
19:20 of 1st period - Slapshot by Taylor Hall.
19:20 of 1st period - Deflect By Alexander Wennberg.
19:20 of 1st period - Goal by Alexander Wennberg - Hartford Whalers : 1 - Edmonton Oilers : 1.
19:21 of 1st period - Alexander Wennberg wins face-off versus Jamie Benn in neutral zone.
19:28 of 1st period - Snap shot by Taylor Hall.
19:28 of 1st period - Deflect By Josh Anderson.
19:28 of 1st period - Stopped by Matt Murray with a rebound.
Goals for this period are 1 for Hartford Whalers vs 1 for Edmonton Oilers.
Shots for this period are 17 for Hartford Whalers vs 14 for Edmonton Oilers.
2nd period
0:01 of 2nd period - Joshua Norris wins face-off versus Mikael Backlund in neutral zone.
1:02 of 2nd period - Torey Krug is hit by Jacob Trouba and loses puck.
1:41 of 2nd period - Wrist shot by Joshua Norris.
1:41 of 2nd period - Stopped by Matt Murray with a rebound.
1:53 of 2nd period - Connor Clifton is hit by Evan Bouchard and loses puck.
2:00 of 2nd period - Jamie Benn is hit by Josh Anderson and loses puck.
2:35 of 2nd period - Jaccob Slavin is hit by Brett Pesce and loses puck.
2:56 of 2nd period - Wrist shot by Joshua Norris.
2:56 of 2nd period - Goal by Joshua Norris - Hartford Whalers : 2 - Edmonton Oilers : 1.
2:57 of 2nd period - Alexander Wennberg wins face-off versus Jamie Benn in neutral zone.
3:42 of 2nd period - Snap shot by Jamie Benn.
3:42 of 2nd period - Stopped by Anton Forsberg without a rebound.
3:43 of 2nd period - Mikael Backlund wins face-off versus Joshua Norris in Hartford Whalers zone.
4:10 of 2nd period - Alexander Wennberg is hit by Jacob Trouba and loses puck.
4:36 of 2nd period - Snap shot by Alexis Lafreniere.
4:36 of 2nd period - Shot Blocked by Brett Pesce.
4:56 of 2nd period - Snap shot by Mikael Backlund.
4:56 of 2nd period - Shot Misses the Net.
5:12 of 2nd period - Wrist shot by Lukas Reichel.
5:12 of 2nd period - Shot Misses the Net.
5:14 of 2nd period - Slapshot by Thomas Chabot.
5:14 of 2nd period - Deflect By Brandon Carlo.
5:14 of 2nd period - Stopped by Matt Murray with a rebound.
5:16 of 2nd period - Snap shot by Mark Kastelic.
5:16 of 2nd period - Shot Blocked by Evan Bouchard.
5:38 of 2nd period - Wrist shot by Alexis Lafreniere.
5:38 of 2nd period - Stopped by Matt Murray without a rebound.
5:39 of 2nd period - Alexander Wennberg wins face-off versus Mikael Backlund in Edmonton Oilers zone.
6:27 of 2nd period - Adrian Kempe is hit by Casey Cizikas and loses puck.
6:39 of 2nd period - Minor Penalty to Marcus Foligno for Hooking.
6:40 of 2nd period - Alexander Wennberg wins face-off versus Mikael Backlund in Hartford Whalers zone.
6:52 of 2nd period - Wrist shot by Taylor Hall.
6:52 of 2nd period - Deflect By Alexander Wennberg.
6:52 of 2nd period - Stopped by Matt Murray without a rebound.
6:53 of 2nd period - Boone Jenner wins face-off versus Josh Anderson in Edmonton Oilers zone.
7:20 of 2nd period - Jake DeBrusk is hit by Taylor Hall and loses puck.
8:39 of 2nd period - Penalty to Marcus Foligno is over, Marcus Foligno is back on ice.
9:03 of 2nd period - Slapshot by Lukas Reichel.
9:03 of 2nd period - Deflect By Mark Kastelic.
9:03 of 2nd period - Stopped by Matt Murray with a rebound.
10:12 of 2nd period - Alexander Wennberg is hit by Brett Pesce and loses puck.
10:25 of 2nd period - Icing by Jake DeBrusk.
10:26 of 2nd period - Mikael Backlund wins face-off versus John Hayden in Edmonton Oilers zone.
10:51 of 2nd period - Jaccob Slavin is hit by David Farrance.
10:59 of 2nd period - Slapshot by Thomas Chabot.
10:59 of 2nd period - Stopped by Matt Murray with a rebound.
11:11 of 2nd period - Backhand shot by Jakob Silfverberg.
11:11 of 2nd period - Stopped by Anton Forsberg with a rebound.
11:35 of 2nd period - Slapshot by David Perron.
11:35 of 2nd period - Shot Misses the Net.
12:02 of 2nd period - Snap shot by Anthony Mantha.
12:02 of 2nd period - Stopped by Matt Murray with a rebound.
12:56 of 2nd period - Alexander Wennberg is hit by Jamie Benn and loses puck.
13:05 of 2nd period - Slapshot by Taylor Hall.
13:05 of 2nd period - Stopped by Matt Murray without a rebound.
13:06 of 2nd period - Mikael Backlund wins face-off versus Joshua Norris in Edmonton Oilers zone.
13:06 of 2nd period - Mikael Backlund is hit by Jaccob Slavin.
13:45 of 2nd period - Snap shot by Adrian Kempe.
13:45 of 2nd period - Stopped by Anton Forsberg without a rebound.
13:46 of 2nd period - Alexis Lafreniere wins face-off versus Jakob Silfverberg in Hartford Whalers zone.
14:11 of 2nd period - Alexis Lafreniere is hit by David Perron and loses puck.
14:30 of 2nd period - Wrist shot by Marcus Foligno.
14:30 of 2nd period - Shot Misses the Net.
14:32 of 2nd period - Slapshot by Torey Krug.
14:32 of 2nd period - Deflect By Adrian Kempe.
14:32 of 2nd period - Stopped by Matt Murray with a rebound.
14:34 of 2nd period - Slapshot by Torey Krug.
14:34 of 2nd period - Stopped by Matt Murray with a rebound.
14:36 of 2nd period - Snap shot by Alexis Lafreniere.
14:36 of 2nd period - Stopped by Matt Murray with a rebound.
14:38 of 2nd period - Slapshot by Jaccob Slavin.
14:38 of 2nd period - Deflect By Casey Cizikas.
14:38 of 2nd period - Stopped by Matt Murray with a rebound.
15:00 of 2nd period - Snap shot by Marcus Foligno.
15:00 of 2nd period - Stopped by Matt Murray without a rebound.
15:01 of 2nd period - Mikael Backlund wins face-off versus Josh Anderson in Edmonton Oilers zone.
15:12 of 2nd period - Wrist shot by Boone Jenner.
15:12 of 2nd period - Shot Blocked by Alexander Wennberg.
15:14 of 2nd period - Snap shot by Boone Jenner.
15:14 of 2nd period - Stopped by Anton Forsberg with a rebound.
15:16 of 2nd period - Slapshot by Jacob Trouba.
15:16 of 2nd period - Stopped by Anton Forsberg with a rebound.
15:18 of 2nd period - Snap shot by Boone Jenner.
15:18 of 2nd period - Shot Blocked by Alec Martinez.
15:54 of 2nd period - Backhand shot by Dawson Mercer.
15:54 of 2nd period - Stopped by Anton Forsberg with a rebound.
15:56 of 2nd period - Wrist shot by Jakub Voracek.
15:56 of 2nd period - Deflect By Derek Grant.
15:56 of 2nd period - Shot Misses the Net.
15:56 of 2nd period - Puck is out of play.
15:57 of 2nd period - Alexander Wennberg wins face-off versus Derek Grant in Hartford Whalers zone.
16:22 of 2nd period - Joshua Norris is hit by Boone Jenner and loses puck.
16:44 of 2nd period - Off-side.
16:45 of 2nd period - Alexander Wennberg wins face-off versus Jamie Benn in neutral zone.
16:54 of 2nd period - Snap shot by David Perron.
16:54 of 2nd period - Stopped by Anton Forsberg with a rebound.
16:56 of 2nd period - Wrist shot by Jamie Benn.
16:56 of 2nd period - Shot Misses the Net.
16:58 of 2nd period - Slapshot by Damon Severson.
16:58 of 2nd period - Shot Blocked by Torey Krug.
17:00 of 2nd period - Wrist shot by Adrian Kempe.
17:00 of 2nd period - Shot Misses the Net.
17:38 of 2nd period - Icing by Casey Cizikas.
17:39 of 2nd period - Joshua Norris wins face-off versus Mikael Backlund in Hartford Whalers zone.
17:45 of 2nd period - Minor Penalty to John Hayden for High sticking.
17:46 of 2nd period - Josh Anderson wins face-off versus Boone Jenner in Hartford Whalers zone.
17:55 of 2nd period - Snap shot by Evan Bouchard.
17:55 of 2nd period - Shot Blocked by Alec Martinez.
17:57 of 2nd period - Snap shot by Jamie Benn.
17:57 of 2nd period - Shot Misses the Net.
17:59 of 2nd period - Snap shot by Evan Bouchard.
17:59 of 2nd period - Goal by Evan Bouchard - Hartford Whalers : 2 - Edmonton Oilers : 2.
18:00 of 2nd period - Alexander Wennberg wins face-off versus Mikael Backlund in neutral zone.
18:13 of 2nd period - Snap shot by Jake DeBrusk.
18:13 of 2nd period - Shot Misses the Net.
18:39 of 2nd period - Jaccob Slavin is hit by Jamie Benn and loses puck.
18:52 of 2nd period - Anthony Mantha is hit by Jeff Carter and loses puck.
19:39 of 2nd period - Evan Bouchard is hit by Haydn Fleury.
19:43 of 2nd period - Mikael Backlund is hit by Mark Kastelic and loses puck.
19:53 of 2nd period - Icing by Mikael Backlund.
19:54 of 2nd period - Jamie Benn wins face-off versus Casey Cizikas in Edmonton Oilers zone.
Goals for this period are 1 for Hartford Whalers vs 1 for Edmonton Oilers.
Shots for this period are 14 for Hartford Whalers vs 8 for Edmonton Oilers.
3rd period
0:01 of 3rd period - David Perron wins face-off versus Taylor Hall in neutral zone.
0:05 of 3rd period - Off-side.
0:06 of 3rd period - Jamie Benn wins face-off versus Alexander Wennberg in neutral zone.
0:41 of 3rd period - Snap shot by Jake DeBrusk.
0:41 of 3rd period - Stopped by Anton Forsberg with a rebound.
0:43 of 3rd period - Slapshot by Jacob Trouba.
0:43 of 3rd period - Stopped by Anton Forsberg without a rebound.
0:44 of 3rd period - Jakob Silfverberg wins face-off versus Alexander Wennberg in Hartford Whalers zone.
0:57 of 3rd period - Backhand shot by Brock Boeser.
0:57 of 3rd period - Stopped by Anton Forsberg with a rebound.
2:03 of 3rd period - Snap shot by Alexander Wennberg.
2:03 of 3rd period - Stopped by Matt Murray without a rebound.
2:04 of 3rd period - Mikael Backlund wins face-off versus Casey Cizikas in Edmonton Oilers zone.
2:04 of 3rd period - Mikael Backlund is hit by Torey Krug.
2:20 of 3rd period - Wrist shot by Jake DeBrusk.
2:20 of 3rd period - Stopped by Anton Forsberg with a rebound.
2:29 of 3rd period - Icing by Evan Bouchard.
2:30 of 3rd period - Alexander Wennberg wins face-off versus Mikael Backlund in Edmonton Oilers zone.
2:57 of 3rd period - Snap shot by Adrian Kempe.
2:57 of 3rd period - Stopped by Anton Forsberg without a rebound.
2:58 of 3rd period - Joshua Norris wins face-off versus David Perron in Hartford Whalers zone.
3:23 of 3rd period - Slapshot by Thomas Chabot.
3:23 of 3rd period - Stopped by Matt Murray with a rebound.
3:43 of 3rd period - Wrist shot by Adrian Kempe.
3:43 of 3rd period - Shot Misses the Net.
3:48 of 3rd period - Off-side.
3:49 of 3rd period - Jeff Carter wins face-off versus Alexander Wennberg in neutral zone.
4:15 of 3rd period - Marcus Foligno is hit by Mikael Backlund and loses puck.
4:24 of 3rd period - Snap shot by Mikael Backlund.
4:24 of 3rd period - Shot Misses the Net.
4:26 of 3rd period - Snap shot by Boone Jenner.
4:26 of 3rd period - Stopped by Anton Forsberg with a rebound.
4:47 of 3rd period - Torey Krug is hit by Derek Grant and loses puck.
5:02 of 3rd period - Jeff Carter is hit by Josh Anderson and loses puck.
5:38 of 3rd period - Wrist shot by Alexis Lafreniere.
5:38 of 3rd period - Shot Misses the Net.
5:40 of 3rd period - Snap shot by Marcus Foligno.
5:40 of 3rd period - Shot Misses the Net.
5:42 of 3rd period - Wrist shot by Alexis Lafreniere.
5:42 of 3rd period - Shot Misses the Net.
5:44 of 3rd period - Snap shot by Alexis Lafreniere.
5:44 of 3rd period - Stopped by Matt Murray without a rebound.
5:45 of 3rd period - Alexander Wennberg wins face-off versus Jeff Carter in Edmonton Oilers zone.
5:52 of 3rd period - Wrist shot by Alexander Wennberg.
5:52 of 3rd period - Shot Misses the Net.
5:54 of 3rd period - Slapshot by Torey Krug.
5:54 of 3rd period - Shot Misses the Net.
5:56 of 3rd period - Snap shot by Taylor Hall.
5:56 of 3rd period - Stopped by Matt Murray without a rebound.
5:57 of 3rd period - Jeff Carter wins face-off versus Alexander Wennberg in Edmonton Oilers zone.
6:23 of 3rd period - Jake DeBrusk is hit by Alexis Lafreniere and loses puck.
6:28 of 3rd period - Wrist shot by Alexis Lafreniere.
6:28 of 3rd period - Shot Misses the Net.
6:30 of 3rd period - Slapshot by Alec Martinez.
6:30 of 3rd period - Deflect By Marcus Foligno.
6:30 of 3rd period - Shot Misses the Net.
6:30 of 3rd period - Puck is out of play.
6:31 of 3rd period - Casey Cizikas wins face-off versus David Perron in Edmonton Oilers zone.
7:04 of 3rd period - Snap shot by Josh Anderson.
7:04 of 3rd period - Stopped by Matt Murray with a rebound.
8:29 of 3rd period - Slapshot by Mikael Backlund.
8:29 of 3rd period - Shot Misses the Net.
8:41 of 3rd period - Wrist shot by Anthony Mantha.
8:41 of 3rd period - Shot Blocked by Damon Severson.
8:43 of 3rd period - Wrist shot by Alec Martinez.
8:43 of 3rd period - Deflect By Jeff Carter.
8:43 of 3rd period - Stopped by Matt Murray with a rebound.
8:45 of 3rd period - Wrist shot by Anthony Mantha.
8:45 of 3rd period - Stopped by Matt Murray with a rebound.
9:29 of 3rd period - David Perron is hit by Alexander Wennberg and loses puck.
9:46 of 3rd period - Thomas Chabot is hit by Evan Bouchard and loses puck.
10:53 of 3rd period - Minor Penalty to Torey Krug for Tripping.
10:54 of 3rd period - Dawson Mercer wins face-off versus Josh Anderson in Hartford Whalers zone.
12:26 of 3rd period - Snap shot by Jake DeBrusk.
12:26 of 3rd period - Shot Blocked by Thomas Chabot.
12:28 of 3rd period - Snap shot by Mikael Backlund.
12:28 of 3rd period - Shot Misses the Net.
12:30 of 3rd period - Slapshot by Brock Boeser.
12:30 of 3rd period - Deflect By Thomas Chabot.
12:30 of 3rd period - Goal by Brock Boeser - Hartford Whalers : 2 - Edmonton Oilers : 3.
12:31 of 3rd period - Jamie Benn wins face-off versus Marcus Foligno in neutral zone.
12:36 of 3rd period - Snap shot by Jamie Benn.
12:36 of 3rd period - Shot Blocked by Alexis Lafreniere.
12:38 of 3rd period - Wrist shot by Jamie Benn.
12:38 of 3rd period - Shot Blocked by Alec Martinez.
12:44 of 3rd period - Snap shot by David Perron.
12:44 of 3rd period - Shot Misses the Net.
12:53 of 3rd period - Icing by Trevor van Riemsdyk.
12:54 of 3rd period - Jeff Carter wins face-off versus Casey Cizikas in Hartford Whalers zone.
13:06 of 3rd period - Minor Penalty to Brett Pesce for Holding.
13:07 of 3rd period - Casey Cizikas wins face-off versus Jakob Silfverberg in Edmonton Oilers zone.
13:20 of 3rd period - Off-side.
13:21 of 3rd period - Alexander Wennberg wins face-off versus Jeff Carter in neutral zone.
13:24 of 3rd period - Slapshot by Alexander Wennberg.
13:24 of 3rd period - Stopped by Matt Murray with a rebound.
13:26 of 3rd period - Slapshot by Alexander Wennberg.
13:26 of 3rd period - Goal by Alexander Wennberg - Hartford Whalers : 3 - Edmonton Oilers : 3.
13:27 of 3rd period - Mikael Backlund wins face-off versus Alexander Wennberg in neutral zone.
13:32 of 3rd period - Wrist shot by Evan Bouchard.
13:32 of 3rd period - Stopped by Anton Forsberg with a rebound.
13:39 of 3rd period - Off-side.
13:40 of 3rd period - Alexander Wennberg wins face-off versus Mikael Backlund in neutral zone.
14:12 of 3rd period - Snap shot by Jakob Silfverberg.
14:12 of 3rd period - Shot Misses the Net.
14:50 of 3rd period - Torey Krug is hit by Jacob Trouba and loses puck.
14:59 of 3rd period - Snap shot by Lukas Reichel.
14:59 of 3rd period - Shot Misses the Net.
15:17 of 3rd period - Snap shot by Torey Krug.
15:17 of 3rd period - Deflect By Taylor Hall.
15:17 of 3rd period - Stopped by Matt Murray with a rebound.
15:49 of 3rd period - Slapshot by Jeff Carter.
15:49 of 3rd period - Shot Misses the Net.
16:22 of 3rd period - Wrist shot by Dawson Mercer.
16:22 of 3rd period - Stopped by Anton Forsberg without a rebound.
16:23 of 3rd period - Jeff Carter wins face-off versus Lukas Reichel in Hartford Whalers zone.
16:28 of 3rd period - Snap shot by Brock Boeser.
16:28 of 3rd period - Stopped by Anton Forsberg with a rebound.
16:30 of 3rd period - Slapshot by Brandon Carlo.
16:30 of 3rd period - Shot Blocked by Thomas Chabot.
16:32 of 3rd period - Wrist shot by Jakob Silfverberg.
16:32 of 3rd period - Stopped by Anton Forsberg with a rebound.
16:34 of 3rd period - Slapshot by Jakob Silfverberg.
16:34 of 3rd period - Deflect By Jeff Carter.
16:34 of 3rd period - Stopped by Anton Forsberg with a rebound.
16:36 of 3rd period - Wrist shot by Jakob Silfverberg.
16:36 of 3rd period - Stopped by Anton Forsberg with a rebound.
16:38 of 3rd period - Wrist shot by Jakob Silfverberg.
16:38 of 3rd period - Shot Hit the Post.
16:44 of 3rd period - Minor Penalty to Thomas Chabot for Tripping.
16:45 of 3rd period - Josh Anderson wins face-off versus Boone Jenner in Hartford Whalers zone.
17:12 of 3rd period - Connor Clifton is hit by Mikael Backlund and loses puck.
17:31 of 3rd period - Alexander Wennberg is hit by Jamie Benn and loses puck.
18:06 of 3rd period - Casey Cizikas is hit by Brock Boeser and loses puck.
18:31 of 3rd period - Casey Cizikas is hit by Brock Boeser and loses puck.
18:44 of 3rd period - Penalty to Thomas Chabot is over, Thomas Chabot is back on ice.
19:03 of 3rd period - Thomas Chabot is hit by Brett Pesce.
19:07 of 3rd period - Snap shot by Thomas Chabot.
19:07 of 3rd period - Shot Misses the Net.
Goals for this period are 1 for Hartford Whalers vs 1 for Edmonton Oilers.
Shots for this period are 10 for Hartford Whalers vs 13 for Edmonton Oilers.
Overtime #1
0:01 of 1st overtime period - Boone Jenner wins face-off versus Alexander Wennberg in neutral zone.
0:30 of 1st overtime period - Slapshot by Jamie Benn.
0:30 of 1st overtime period - Shot Misses the Net.
0:32 of 1st overtime period - Wrist shot by Jamie Benn.
0:32 of 1st overtime period - Goal by Jamie Benn - Hartford Whalers : 3 - Edmonton Oilers : 4.
Goals for this period are 0 for Hartford Whalers vs 1 for Edmonton Oilers.
Shots for this period are 0 for Hartford Whalers vs 1 for Edmonton Oilers.
Back to the Top